 Dungeon Crawl Stone Soup version 0.23.0 (webtiles) character file.

Game seed: 16640659813105597170

119 tidbits the Charmwright (level 5, -1/64 HPs)
             Began as a Gnoll Skald on Feb 14, 2019.
             Slain by a gnoll
             ... wielding a +0 spear
              (7 damage)
             ... on level 4 of the Dungeon.
             The game lasted 00:06:28 (604 turns).

tidbits the Charmwright (Gnoll Skald)                Turns: 604, Time: 00:06:29

Health: -1/64      AC:  7    Str: 18    XL:     5   Next: 3%
Magic:  3/12       EV: 13    Int: 16    God:
Gold:   83         SH:  0    Dex: 15    Spells: 3/14 levels left

rFire    . . .     SeeInvis .   a - +0 spear
rCold    . . .     Gourm    .   (no shield)
rNeg     . . .     Faith    .   B - +0 ring mail (curse)
rPois    .         Spirit   .   E - +1 helmet
rElec    .         Reflect  .   (no cloak)
rCorr    .         Harm     +   (no gloves)
MR       .....                  (no boots)
Stlth    ..........             c - amulet of harm
HPRegen  0.20/turn              (no ring)
MPRegen  0.13/turn              (no ring)

@: berserking, lethally poisoned (-1 -> -16), singing, very slightly
contaminated, very quick
A: distributed training, fangs 1, strong nose
a: no special abilities


You were on level 4 of the Dungeon.
You were very full.

You visited 1 branch of the dungeon, and saw 5 of its levels.

You collected 83 gold pieces.

Inventory:

Hand Weapons
 a - a +0 spear (weapon)
 p - a +0 blowgun
 q - a +0 dagger
Missiles
 j - 8 tomahawks (quivered)
 o - 25 arrows
 r - 13 poisoned needles
Armour
 b - a +0 leather armour
 s - a cursed -2 leather armour
 B - a cursed +0 ring mail (worn)
 E - a +1 helmet (worn)
Jewellery
 c - an amulet of harm (around neck)
   (You found it on level 1 of the Dungeon)
Wands
 e - a wand of acid (7)
Scrolls
 f - 2 scrolls of remove curse {unknown}
 h - a scroll of immolation {unknown}
 k - a scroll of enchant weapon {unknown}
 l - a scroll of identify {unknown}
 m - a scroll of blinking {unknown}
 n - a scroll of enchant armour {unknown}
Potions
 i - a potion of flight
 t - a potion of haste {unknown}
Comestibles
 d - 3 rations


   Skills:
 + Level 4.7 Fighting
 + Level 1.3 Short Blades
 + Level 1.3 Long Blades
 + Level 1.3 Axes
 + Level 1.3 Maces & Flails
 + Level 4.7 Polearms
 + Level 1.3 Staves
 + Level 1.3 Slings
 + Level 1.3 Bows
 + Level 1.3 Crossbows
 + Level 1.3 Throwing
 + Level 2.8 Armour
 + Level 4.7 Dodging
 + Level 1.3 Stealth
 + Level 1.3 Shields
 + Level 1.3 Unarmed Combat
 + Level 5.1 Spellcasting
 + Level 1.0 Conjurations
 + Level 1.0 Hexes
 + Level 5.5 Charms
 + Level 1.0 Summonings
 + Level 1.0 Necromancy
 + Level 1.0 Translocations
 + Level 1.0 Transmutations
 + Level 1.0 Fire Magic
 + Level 1.0 Ice Magic
 + Level 1.0 Air Magic
 + Level 1.0 Earth Magic
 + Level 1.0 Poison Magic
 + Level 1.4 Invocations
 + Level 1.3 Evocations


You had 3 spell levels left.
You knew the following spells:

 Your Spells              Type           Power        Failure   Level  Hunger
g - Shroud of Golubria    Chrm/Tloc      ##........   10%         2    #......
i - Infusion              Chrm           ###.         2%          1    None
r - Regeneration          Chrm/Necr      ##........   21%         3    ###....
w - Spectral Weapon       Hex/Chrm       ##......     21%         3    ###....
y - Song of Slaying       Chrm           ###.....     4%          2    #......

Your spell library contained the following spells:

 Spells                   Type           Power        Failure   Level  Hunger


Dungeon Overview and Level Annotations

Branches:
Dungeon (5/15)
 Temple: D:4-7

Altars:
Dithmenos

Annotations:
D:4 1 transporter


Innate Abilities, Weirdness & Mutations

Your experience applies equally to all skills.
You have very sharp teeth.
Your uncanny sense of smell can sniff out nearby items.


Message History

A gnoll opens the door.
The gnoll shouts!
You hear a shout!
A gnoll opens the door.
There is a transporter here.
You enter the transporter and appear at another place.
A gnoll shaman comes into view. It is wielding a +0 club.
The gnoll shouts!
The gnoll shaman shouts!
The gnoll barely misses you. The gnoll hits you.
Okay, then.
You hit the plant but do no damage. The gnoll barely misses you. x2
Unknown command.
Unknown command.
Unknown command.
Casting: Spectral Weapon (safe; 26% risk of failure)
Confirm with . or Enter, or press ? or * to list all spells.
You start singing a song of slaying.
The gnoll closely misses you.
The gnoll hits the plant but does no damage.
The gnoll hits the plant with the +4 halberd of a sewer {pain, Fragile rN+ Str+5}.
The gnoll misses you.
Unknown command.
Casting: Song of Slaying (safe; 4% risk of failure)
Confirm with . or Enter, or press ? or * to list all spells.
You miscast Spectral Weapon.
You are very lightly contaminated with residual magic.
Nothing appears to happen.
The gnoll misses you.
The gnoll hits the plant but does no damage.
The gnoll hits the plant with a +0 spear.
The gnoll hits you with a +0 halberd. The gnoll closely misses you.
Unknown command.
Evoke which item? (* to show all) (? for menu, Esc to quit)
Aiming: Corrosive Bolt
Press: ? - help, Shift-Dir - straight line, f - gnoll
Aim: a gnoll, wielding a +0 spear and carrying a wand of polymorph (10)
The bolt of acid hits the gnoll shaman!
The gnoll shaman is splashed with acid!
The acid corrodes the gnoll shaman!
You kill the gnoll shaman!
Your Conjurations skill increases to level 1!
Your Hexes skill increases to level 1!
Your Summonings skill increases to level 1!
Your Necromancy skill increases to level 1!
Your Translocations skill increases to level 1!
Your Transmutations skill increases to level 1!
Your Fire Magic skill increases to level 1!
Your Ice Magic skill increases to level 1!
Your Air Magic skill increases to level 1!
Your Earth Magic skill increases to level 1!
Your Poison Magic skill increases to level 1!
The bolt of acid hits the gnoll!
The gnoll is splashed with acid.
The acid corrodes the gnoll!
You kill the gnoll!
The gnoll closely misses you.
Unknown command.
Unknown command.
Press: ? - help, v - describe, . - travel
Here: a gnoll, wielding a +0 spear of venom An open translucent door.
Casting: Spectral Weapon (safe; 24% risk of failure)
Confirm with . or Enter, or press ? or * to list all spells.
You draw out your weapon's spirit!
The gnoll closely misses you.
The gnoll hits you from afar with a +0 spear of venom.
You are poisoned.
The gnoll hits you with a +0 halberd.
* * * LOW HITPOINT WARNING * * *
Unknown command.
It was a potion of berserk rage.
A red film seems to cover your vision as you go berserk!
You feel yourself moving faster!
You feel mighty!
You feel sick. The gnoll hits you with a +0 whip.
* * * LOW HITPOINT WARNING * * *
The gnoll hits you from afar with a +0 spear!
* * * LOW HITPOINT WARNING * * *
The gnoll hits you but does no damage.
You are more poisoned.
You puncture the gnoll!
The gnoll is severely wounded.
* * * LOW HITPOINT WARNING * * *
You feel sick.
Your spectral weapon hits the gnoll from afar.
You kill the gnoll!
You have reached level 5!
The gnoll misses you. The gnoll hits you but does no damage.
The gnoll hits you from afar with a +0 spear.
* * * LOW HITPOINT WARNING * * *
Unknown command.
You puncture the gnoll!
The gnoll is severely wounded.
* * * LOW HITPOINT WARNING * * *
You feel sick.
Your spectral weapon hits the gnoll.
The gnoll hits you but does no damage.
You are lethally poisoned!
The gnoll hits the plant with a +0 halberd!
You closely miss the gnoll.
The gnoll is almost dead.
* * * LOW HITPOINT WARNING * * *
You feel sick.
Your spectral weapon barely misses the gnoll.
The gnoll hits you with a +0 whip.
* * * LOW HITPOINT WARNING * * *
The gnoll hits you from afar with a +0 spear.
You die...

.#......≈≈#.g###g###..#≈≈..#
#####..≈≈#...........#≈≈..#
#..≈≈###.##'##.###≈≈..#
#..≈≈..#.#..P#.#..≈≈..# #.
#..≈≈.##.+...'.##.≈≈..#
#.##..≈≈.#..#PgP#..#.≈≈..#
#.#...≈≈.##.##g##.##.≈≈..#
#.#...≈≈..#.#P)P#.#......#
#.#...≈≈.©#.(g@gg.#©.....#
#.#...≈≈..#.#8)8#.#......#
###.#...≈≈.##.#####.##.≈≈..#
..#.....≈≈.#g #∆∆∆#.©#.≈≈..#
........≈≈.##. #.##.≈≈..#
........≈≈..#. ∆∆$#.#..≈≈(.#
........≈≈###.##+##.###≈≈..#
........≈≈#...........#≈≈[.#
....##..≈≈#..###.###..#≈≈..#


You could see 5 gnolls and a friendly spectral +0 spear.

Vanquished Creatures
  A gnoll shaman (D:4)
  A worker ant (D:5)
  2 gnolls (D:4)
  An adder (D:4)
  2 worms
  3 dart slugs
  A leopard gecko (D:2)
  A giant cockroach (D:1)
  4 goblins
  2 hobgoblins
  2 kobolds
  A quokka (D:2)
  A ball python (D:2)
  2 bats
  A frilled lizard (D:3)
  5 rats
30 creatures vanquished.

Vanquished Creatures (others)
  A plant (D:4)
1 creature vanquished.

Grand Total: 31 creatures vanquished

Notes
Turn   | Place    | Note
-------+----------+-------------------------------------------
     0 | D:1      | tidbits the Gnoll Skald began the quest for the Orb.
     0 | D:1      | Reached XP level 1. HP: 20/20 MP: 6/6
    25 | D:1      | Reached XP level 2. HP: 25/26 MP: 0/7
    37 | D:1      | Learned a level 2 spell: Song of Slaying
    40 | D:1      | Learned a level 2 spell: Shroud of Golubria
    40 | D:1      | Found a shadowy altar of Dithmenos.
   146 | D:3      | Reached XP level 3. HP: 19/31 MP: 9/9
   151 | D:3      | Learned a level 3 spell: Regeneration
   155 | D:3      | Learned a level 3 spell: Spectral Weapon
   239 | D:2      | Reached skill level 5 in Spellcasting
   440 | D:4      | Reached skill level 1 in Invocations
   460 | D:5      | Entered Level 5 of the Dungeon
   477 | D:5      | HP: 6/31 [worker ant (2)]
   485 | D:5      | Reached skill level 1 in Short Blades
   485 | D:5      | Reached skill level 1 in Long Blades
   485 | D:5      | Reached skill level 1 in Axes
   485 | D:5      | Reached skill level 1 in Maces & Flails
   485 | D:5      | Reached skill level 1 in Staves
   485 | D:5      | Reached skill level 1 in Slings
   485 | D:5      | Reached skill level 1 in Bows
   485 | D:5      | Reached skill level 1 in Crossbows
   485 | D:5      | Reached skill level 1 in Throwing
   485 | D:5      | Reached skill level 1 in Stealth
   485 | D:5      | Reached skill level 1 in Shields
   485 | D:5      | Reached skill level 1 in Unarmed Combat
   485 | D:5      | Reached skill level 1 in Evocations
   485 | D:5      | Reached XP level 4. HP: 32/38 MP: 0/11
   488 | D:4      | Identified the +4 halberd of a sewer {pain, Fragile rN+
                  | Str+5}
   562 | D:4      | Found a transporter.
   562 | D:4      | Found a transporter.
   599 | D:4      | Reached skill level 1 in Conjurations
   599 | D:4      | Reached skill level 1 in Hexes
   599 | D:4      | Reached skill level 1 in Summonings
   599 | D:4      | Reached skill level 1 in Necromancy
   599 | D:4      | Reached skill level 1 in Translocations
   599 | D:4      | Reached skill level 1 in Transmutations
   599 | D:4      | Reached skill level 1 in Fire Magic
   599 | D:4      | Reached skill level 1 in Ice Magic
   599 | D:4      | Reached skill level 1 in Air Magic
   599 | D:4      | Reached skill level 1 in Earth Magic
   599 | D:4      | Reached skill level 1 in Poison Magic
   602 | D:4      | Reached XP level 5. HP: 14/43 MP: 3/12
   602 | D:4      | HP: 12/64 [gnoll/+0 spear (2)]
   604 | D:4      | Slain by a gnoll

Skill      XL: |  1  2  3  4 |
---------------+-------------+-----
Spellcasting   | 5 |  5.1
Invocations    | 1 |  1.4
Short Blades   | 1 |  1.3
Long Blades    | 1 |  1.3
Axes           | 1 |  1.3
Maces & Flails | 1 |  1.3
Staves         | 1 |  1.3
Slings         | 1 |  1.3
Bows           | 1 |  1.3
Crossbows      | 1 |  1.3
Throwing       | 1 |  1.3
Stealth        | 1 |  1.3
Shields        | 1 |  1.3
Unarmed Combat | 1 |  1.3
Evocations     | 1 |  1.3
Conjurations   | 1 |  1.0
Hexes          | 1 |  1.0
Summonings     | 1 |  1.0
Necromancy     | 1 |  1.0
Translocations | 1 |  1.0
Transmutations | 1 |  1.0
Fire Magic     | 1 |  1.0
Ice Magic      | 1 |  1.0
Air Magic      | 1 |  1.0
Earth Magic    | 1 |  1.0
Poison Magic   | 1 |  1.0
Fighting       | |  4.7
Polearms       | |  4.7
Armour         | |  2.8
Dodging        | |  4.7
Charms         | |  5.5

Action                   |  1- 3 |  4- 6 || total
-------------------------+-------+-------++-------
Melee: Spear             |    75 |     4 ||    79
       Bite              |     6 |       ||     6
 Cast: Infusion          |     1 |       ||     1
       Spectral Weapon   |     6 |     1 ||     7
       Song of Slaying   |     1 |     1 ||     2
       Regeneration      |     1 |       ||     1
       Shroud of Golubri |     1 |       ||     1
Evoke: Wand              |       |     1 ||     1
  Use: Potion            |     3 |     1 ||     4
 Stab: Distracted        |     1 |       ||     1
  Eat: Ration            |     2 |       ||     2
Armor: Leather armour    |     3 |       ||     3
       Ring mail         |     6 |     3 ||     9
Dodge: Dodged            |    32 |    10 ||    42

Table legend:
 A = Turns spent in this place as a percentage of turns spent in the entire game.
 B = Non-inter-level travel turns spent in this place as a percentage of non-inter-level travel turns spent in the entire game.
 C = Inter-level travel turns spent in this place as a percentage of turns spent in this place.
 D = Turns resting spent in this place as a percentage of non-inter-level travel turns spent in this place.
 E = Turns spent auto-exploring this place as a percentage of non-inter-level travel turns spent in this place.
 F = Non-inter-level travel turns spent in this place divided by the number of levels of this place that you've seen.
                   A       B       C       D       E      F
               +-------+-------+-------+-------+-------+----------------------
         Total | 100.0 | 100.0 |   0.0 |   0.0 |   0.0 | 120.8
       Dungeon | 100.0 | 100.0 |   0.0 |   0.0 |   0.0 | 120.8
               +-------+-------+-------+-------+-------+----------------------

Table legend:
 A = Kills in this place as a percentage of kills in entire the game.
 B = Kills by you in this place as a percentage of kills by you in the entire game.
 C = Kills by friends in this place as a percentage of kills by friends in the entire game.
 D = Other kills in this place as a percentage of other kills in the entire game.
 E = Experience gained in this place as a percentage of experience gained in the entire game.
 F = Experience gained in this place divided by the number of levels of this place that you have seen.
                   A       B       C       D       E      F
               +-------+-------+-------+-------+-------+----------------------
         Total | 100.0 | 100.0 |   N/A |   N/A | 100.0 |  34.2
       Dungeon | 100.0 | 100.0 |   N/A |   N/A | 100.0 |  34.2
               +-------+-------+-------+-------+-------+----------------------

Levels and vault maps discovered:
D:1:      mainiacjoe_arrival_reflecting_pool, layout_loops_ring,
          nrook_mini_backslash, minmay_hexomino_r4
D:2:      layout_rooms, first_ration
D:3:      layout_loops_cross, fedhas_altar_4
D:4:      layout_basic, minmay_temple_entry_trees, gammafunk_ghost_gnarly_gnolls
D:5:      minmay_evil_eye, layout_basic, gammafunk_temple_overflow_arena,
          serial_shops, shop, nicolae_shop_trees, kennysheep_little_box, shop,
          nicolae_shop_competitors_out_of_business
